 Dungeon Crawl Stone Soup version 0.29.0-4-gdea44cf6ec (webtiles) character file.

Game seed: 9870507256077463426

65 qw the Chopper (level 4, -3/26 HPs)
             Began as a Tengu Warper on Aug 28, 2022.
             Slain by Grinder (6 damage)
             ... on level 3 of the Dungeon.
             The game lasted 00:00:09 (1757 turns).

qw the Chopper (Tengu Warper)                       Turns: 1757, Time: 00:00:10

Health: -3/26      AC:  6    Str: 13    XL:     4   Next: 14%
Magic:  8/8        EV:  9    Int: 13    God:
Gold:   68         SH:  0    Dex: 14    Spells: 7/7 levels left

rFire   . . .      SeeInvis .   Y - +0 war axe (venom)
rCold   . . .      Faith    .   (no shield)
rNeg    . . .      Spirit   .   d - +0 scale mail
rPois   .          Reflect  .   (helmet restricted)
rElec   .          Harm     .   (no cloak)
rCorr   .          Rampage  .   (no gloves)
Will    .....                   (boots unavailable)
Stlth   ..........              (no amulet)
HPRegen 0.08/turn               (no ring)
MPRegen 0.11/turn               (no ring)

@: about to teleport
A: beak, talons 3
a: no special abilities


You were on level 3 of the Dungeon.
You visited 1 branch of the dungeon, and saw 3 of its levels.

You collected 68 gold pieces.


Innate Abilities, Weirdness & Mutations

You have a beak for a mouth.
You have claws for feet.


   Skills:
 - Level 2.0 Fighting
 + Level 4.7 Axes
 - Level 1.0 Throwing
 - Level 1.1 Armour
 - Level 2.1 Dodging
 - Level 2.0 Spellcasting
 - Level 2.4 Translocations


You had 7 spell levels left.
You didn't know any spells.
Your spell library contained the following spells:

 Spells                   Type           Power      Damage    Failure   Level
 Blink                    Tloc           14%        N/A       56%         2
 Gell's Gravitas          Tloc           7%         N/A       80%         3
 Lesser Beckoning         Tloc           7%         N/A       80%         3
 Teleport Other           Tloc           7%         N/A       80%         3
 Manifold Assault         Tloc           7%         N/A       100%        5

Inventory:

Hand Weapons
 c - a +0 whip
 Y - a +0 war axe of venom (weapon)
Missiles
 b - 5 boomerangs (quivered)
Armour
 d - a +0 scale mail (worn)
Potions
 e - a potion of curing

Dungeon Overview and Level Annotations

Branches:
Dungeon (3/15)

Altars:
Dithmenos

Annotations:
D:3 Grinder


Message History

As you read the scroll labelled IMMOSK WEZ YCA, it crumbles to dust.
It is a scroll of amnesia.
You feel forgetful for a moment.
Done exploring.
1717 ||| READING 3 scrolls labelled FASTOU XEUPN.
As you read the scroll labelled FASTOU XEUPN, it crumbles to dust.
Magic quickly surges around you.
It was a scroll of vulnerability.
Done exploring.
1718 ||| DROPPING 2 scrolls of vulnerability.
You drop 2 scrolls of vulnerability.
Done exploring.
(D) Dungeon
Where to? (* - list waypoints, Enter - D:2, ? - help)
What level of the Dungeon? (default 1, ? - help)
There is a stone staircase leading down here.
You climb downwards.
Found 5 boomerangs.
There is a stone staircase leading up here.
Existing waypoints: (1) D:2 (2) D:1 Assign waypoint to what number? (0-9, D - delete waypoint) Waypoint 2 re-assigned from D:1 to D:3.
b - 5 boomerangs Grinder comes into view.
Grinder shouts!
Enter note:
1749 ||| Stepping ~*~*~tactically~*~*~ (hiding).
You start waiting.
Grinder is nearby!
Grinder gestures at you. Pain shoots through your body!
You feel your willpower return. Grinder hits you.
You writhe in agony.
You slash Grinder!
Grinder is lightly wounded.
Grinder hits you.
You writhe in agony.
1757 ||| READING scroll of teleportation.
As you read the scroll of teleportation, it crumbles to dust.
You feel strangely unstable. Grinder hits you.
You die...

###.##.#
#......#
#......#
#......#
#.......
#......#
##.....5#####.#
.......@......#
########.#####.#
................
#.#####.###.####
#.# # #.#
#.###.# #.<...#
#######


You could see Grinder.

Vanquished Creatures
  2 adders (D:2)
  A dart slug (D:1)
  8 bats
  6 endoplasms
  A giant cockroach (D:1)
  3 hobgoblins
  7 jackals (D:1)
  A quokka (D:2)
  A frilled lizard (D:2)
  2 goblins
  7 kobolds
  2 rats (D:1)
41 creatures vanquished.

Vanquished Creatures (others)
  16 plants (D:2)
16 creatures vanquished.

Grand Total: 57 creatures vanquished

Notes
Turn   | Place    | Note
-------+----------+-------------------------------------------
     0 | D:1      | qw the Tengu Warper began the quest for the Orb.
     0 | D:1      | Reached XP level 1. HP: 12/12 MP: 4/4
     0 | D:1      | 0 ||| qw: Version: 0.1-a-89-g26bdef1
     0 | D:1      | 0 ||| qw: Game counter: 93
     0 | D:1      | 0 ||| qw: Always use a shield: true
     0 | D:1      | 0 ||| qw: God list: Okawaru
     0 | D:1      | 0 ||| qw: Allow faded altars: false
     0 | D:1      | 0 ||| qw: Do Orc after D:15 true
     0 | D:1      | 0 ||| qw: Do second Lair branch before Depths: true
     0 | D:1      | 0 ||| qw: Lair rune preference: random
     0 | D:1      | 0 ||| qw: Plans: Normal
     0 | D:1      | 0 ||| PLANNING D:1-11
   256 | D:1      | 256 ||| SWAPPING to +0 war axe of venom.
   257 | D:1      | 257 ||| DROPPING +0 hand axe.
   310 | D:1      | 310 ||| Stepping ~*~*~tactically~*~*~ (stealth).
   357 | D:1      | 357 ||| Stepping ~*~*~tactically~*~*~ (stealth).
   360 | D:1      | 360 ||| Stepping ~*~*~tactically~*~*~ (stealth).
   364 | D:1      | Reached skill level 3 in Axes
   364 | D:1      | Reached XP level 2. HP: 17/17 MP: 6/6
   422 | D:1      | 422 ||| Stepping ~*~*~tactically~*~*~ (stealth).
   596 | D:1      | Reached XP level 3. HP: 8/21 MP: 7/7
  1028 | D:1      | 1028 ||| READING scroll labelled NUVAXY ZEKLA.
  1029 | D:1      | 1029 ||| READING scroll labelled DEUM BOURUG.
  1030 | D:1      | 1030 ||| READING scroll labelled MEUWKA SELEBEUREOFF.
  1031 | D:1      | 1031 ||| READING scroll labelled LAAQIRUBRU.
  1032 | D:1      | 1032 ||| DRINKING 2 fuming dark potions.
  1033 | D:1      | 1033 ||| DROPPING scroll of blinking.
  1172 | D:2      | Found a shadowy altar of Dithmenos.
  1232 | D:2      | Reached skill level 4 in Axes
  1234 | D:2      | 1234 ||| DROPPING +0 club.
  1368 | D:2      | Reached XP level 4. HP: 26/26 MP: 8/8
  1538 | D:2      | 1538 ||| Stepping ~*~*~tactically~*~*~ (stealth).
  1702 | D:2      | 1702 ||| UPGRADING to +0 scale mail.
  1712 | D:2      | 1712 ||| DROPPING +0 leather armour.
  1713 | D:2      | 1713 ||| READING 2 scrolls labelled BUTOAM ESOZAMM.
  1716 | D:2      | 1716 ||| READING scroll labelled IMMOSK WEZ YCA.
  1717 | D:2      | 1717 ||| READING 3 scrolls labelled FASTOU XEUPN.
  1718 | D:2      | 1718 ||| DROPPING 2 scrolls of vulnerability.
  1748 | D:3      | Noticed Grinder
  1749 | D:3      | 1749 ||| Stepping ~*~*~tactically~*~*~ (hiding).
  1756 | D:3      | HP: 3/26 [Grinder (6)]
  1757 | D:3      | 1757 ||| READING scroll of teleportation.
  1757 | D:3      | Slain by Grinder

Levels and vault maps discovered:
D:1:      wander_arrival_peaceful_grave, layout_basic
D:2:      layout_basic, basic_altar, serial_bayou_pond_c
D:3:      layout_loops_ring, nicolae_overflow_hidden_temple,
          shapermc_ecumenical_altar_mp_vishouse, serial_shops,
          nicolae_shop_trees, corexii_leaking_fountain, roderic_serpentine_path,
          uniq_natasha, uniq_grinder, uniq_terence

Skill      XL: |  1  2  3 |
---------------+----------+-----
Axes           | 3 4 |  4.7
Fighting       | |  2.0
Throwing       | |  1.0
Armour         | |  1.1
Dodging        | |  2.1
Spellcasting   | |  2.0
Translocations | |  2.4

Action                   |  1- 3 |  4- 6 || total
-------------------------+-------+-------++-------
Melee: Hand axe          |    10 |       ||    10
       War axe           |    66 |    13 ||    79
       Kick              |     9 |     4 ||    13
       Peck              |     9 |     1 ||    10
       Punch             |     2 |       ||     2
Throw: Boomerang         |     7 |       ||     7
  Use: Scroll            |     4 |     4 ||     8
       Potion            |     1 |       ||     1
Armor: Leather armour    |    25 |       ||    25
Dodge: Dodged            |    44 |     6 ||    50

Table legend:
 A = Non-vault XP
 B = Vault XP
 C = Vault XP percentage of total XP
 D = Non-vault monster count
 E = Vault monster count
 F = Vault count percentage of total count
                 A         B        C        D         E       F
            +---------+---------+-------+---------+---------+-------
      Total |      94 |       0 |   0.0 |      41 |       0 |   0.0
            +---------+---------+-------+---------+---------+-------
        D:1 |      39 |       0 |   0.0 |      22 |       0 |   0.0
        D:2 |      55 |       0 |   0.0 |      19 |       0 |   0.0
            +---------+---------+-------+---------+---------+-------
